 Dungeon Crawl Stone Soup version 0.28.0-62-gf88900778d (webtiles) character file.

Game seed: 4737257462062524714

8865 Coron the Fighter (level 11, -1/111 HPs)
             Began as a Deep Dwarf Fighter on Mar 27, 2023.
             Was a Believer of Makhleb.
             Slain by a wolf (6 damage)
             ... led by Grum
             ... on level 10 of the Dungeon.
             The game lasted 00:41:19 (8720 turns).

Coron the Fighter (Deep Dwarf Fighter)              Turns: 8720, Time: 00:41:19

Health: -1/111     AC: 14    Str: 25    XL:     11   Next: 15%
Magic:  10/10      EV:  7    Int:  8    God:    Makhleb [**....]
Gold:   598        SH: 10    Dex: 12    Spells: 10/10 levels left

rFire   . . .      SeeInvis .   v - +2 falchion (vamp)
rCold   . . .      Faith    .   F - +0 kite shield
rNeg    + . .      Spirit   .   s - +0 chain mail
rPois   .          Reflect  .   (no helmet)
rElec   .          Harm     .   g - +0 cloak
rCorr   .          Rampage  .   (no gloves)
Will    +....                   o - +0 pair of boots
Stlth   ..........              (no amulet)
HPRegen 0.00/turn               t - ring of positive energy
MPRegen 0.12/turn               (no ring)

@: no status effects
A: damage resistance, heal wounds, sense surroundings 2, no regeneration
a: Heal Wounds, Renounce Religion, Minor Destruction


You were on level 10 of the Dungeon.
You worshipped Makhleb.
Makhleb was pleased with you.
You visited 2 branches of the dungeon, and saw 11 of its levels.
You also visited: Sewer.

You collected 598 gold pieces.

Inventory:

Hand Weapons
 a - a +0 war axe
 f - a +0 hunting sling
 v - a +2 vampiric falchion (weapon)
 I - a +2 hand axe of freezing
Missiles
 h - 293 stones
 k - 44 poisoned darts
 x - 89 sling bullets
Armour
 b - a +0 scale mail
 c - a +0 buckler
 g - a +0 cloak (worn)
 o - a +0 pair of boots (worn)
 s - a +0 chain mail (worn)
 F - a +0 kite shield (worn)
Jewellery
 j - an amulet of guardian spirit
 t - a ring of positive energy (left hand)
 E - an amulet of faith
Wands
 y - a wand of paralysis (1)
 G - a wand of flame (17)
 L - a wand of acid (2)
Scrolls
 m - a scroll of fog
 n - 2 scrolls of blinking {unknown}
 p - a scroll of torment {unknown}
 q - a scroll of amnesia
 z - a scroll of fear
 A - a scroll of teleportation
 C - 3 scrolls of vulnerability
 D - a scroll of acquirement {unknown}
 J - a scroll of magic mapping {unknown}
Potions
 d - a potion of magic
 e - 2 potions of curing
 i - 4 potions of heal wounds
 l - 3 potions of resistance
 r - a potion of haste
 u - a potion of lignification
 w - a potion of brilliance {unknown}
 B - 3 potions of attraction
 H - a potion of flight {unknown}
 K - 4 potions of ambrosia


   Skills:
 - Level 11.0 Fighting
 - Level 6.0 Axes
 - Level 10.0 Armour
 + Level 8.6 Shields
 - Level 6.0 Evocations


You had 10 spell levels left.
You didn't know any spells.
Your spell library contained the following spells:

 Spells                   Type           Power      Damage    Failure   Level
 Animate Skeleton         Necr           0%         N/A       99%         1
 Pain                     Necr           0%         1d4       99%         1
 Summon Small Mammal      Summ           0%         N/A       99%         1
 Sublimation of Blood     Necr           0%         N/A       100%        2
 Wereblood                Tmut           0%         N/A       100%        2
 Call Canine Familiar     Summ           0%         N/A       100%        3
 Summon Guardian Golem    Hex/Summ       0%         N/A       100%        3
 Vampiric Draining        Necr           0%         2d6       100%        3
 Petrify                  Tmut/Erth      0%         N/A       100%        4
 Metabolic Englaciation   Hex/Ice        0%         N/A       100%        5
 Summon Forest            Summ/Tloc      0%         N/A       100%        5
 Summon Mana Viper        Hex/Summ       0%         N/A       100%        5
 Statue Form              Tmut/Erth      0%         N/A       100%        6
 Summon Cactus Giant      Summ           0%         N/A       100%        6
 Summon Hydra             Summ           0%         N/A       100%        7


Dungeon Overview and Level Annotations

Branches:
Dungeon (10/15)            Temple (1/1) D:5            Lair (0/6) D:10
  Sewer (visited)
    Orc: D:9-12

Altars:
Ashenzari
Cheibriados
Dithmenos
Elyvilon
Fedhas
Gozag
Hepliaklqana
Kikubaaqudgha
Makhleb
Nemelex Xobeh
Okawaru
Qazlal
Ru
Sif Muna
Trog
Uskayaw
Vehumet
Wu Jian
Xom
Yredelemnul
Zin
The Shining One

Shops:
D:7 (

Annotations:
D:4 3 runed translucent doors, Tiocfaidh's ghost, amateur TrBr; cbfl8's ghost, amateur MiFi
D:7 exclusion: ice statue
D:10 2 transporters


Innate Abilities, Weirdness & Mutations

You are resistant to damage.
You can heal yourself by infusing magical energy.
You passively map the area around you.
You do not regenerate.


Message History

You hit the wolf. You freeze the wolf. You slash the wolf! You freeze the wolf.
The wolf bites you but does no damage. The wolf bites you.
You block the wolf's attack. The wolf bites you but does no damage.
The wolf bites you.
* * * LOW HITPOINT WARNING * * *
You hit the wolf. You freeze the wolf.
You kill the wolf!
Makhleb accepts your kill.
You feel better.
You hit the wolf. You freeze the wolf. You closely miss the wolf.
The wolf bites you but does no damage. The wolf bites you.
* * * LOW HITPOINT WARNING * * *
You block the wolf's attack. The wolf bites you.
Your +2 hand axe of freezing stops glowing.
You feel a sense of dread.
v - a +2 vampiric falchion (weapon)
The wolf barely misses you.
You closely miss the wolf.
The wolf is almost dead.
The wolf bites you. The wolf bites you but does no damage.
You block the wolf's attack. The wolf bites you.
The wolf bites you but does no damage. x2
You hit the wolf.
You feel better.
The wolf is almost dead.
The wolf bites you but does no damage. x2; The wolf barely misses you.
The wolf bites you.
* * * LOW HITPOINT WARNING * * *
You barely miss the wolf.
The wolf is almost dead.
The wolf bites you but does no damage. You block the wolf's attack.
The wolf barely misses you. You block the wolf's attack. The wolf bites you!
* * * LOW HITPOINT WARNING * * *
The wolf bites you.
* * * LOW HITPOINT WARNING * * *
You closely miss the wolf.
The wolf is almost dead.
The wolf bites you.
* * * LOW HITPOINT WARNING * * *
The wolf bites you!
You die...

,
#..######.#$/.......#.....###.
, ,h..#8.......8#.#####.# , ,
.o.##.WcuCyZ##.......# , ,
g#.o#########........# ,, ,
.'...................# , ,
#......#.....### ,, ,
,,#......#.....# * **
..######).....'.....# ,
.......@h.....'.....# , *
,........h.....####### , , ,
,..................... *
,,....................., , ,,
............)........ , *
#####................, , ,
,,#................ , * ,,
,,#...#############,,, , #...#
,


You could see a frost giant, a red ugly thing, a centaur warrior, 2 wolves, a
killer bee and a centaur warrior zombie.

Vanquished Creatures
  A two-headed ogre (D:9)
  Joseph (D:8)
  A gargoyle (D:10)
  A queen bee (D:9)
  A shadow (D:9)
  Sigmund (D:6)
  A steam dragon (D:7)
  4 yaks (D:9)
  Grum (D:10)
  4 vampire mosquitoes
  A water moccasin (D:9)
  2 hornet zombies
  An orc warrior (D:10)
  Pargi (Sewer)
  A wolf (D:10)
  8 necrophages
  4 centaurs
  5 ogres
  4 kobold brigands
  A wyvern zombie (D:5)
  2 gnoll sergeants
  2 scorpions
  A wyvern skeleton (D:4)
  23 killer bees (D:9)
  A water moccasin skeleton (D:5)
  6 wights
  3 howler monkeys
  7 centaur zombies
  A human zombie (D:9)
  A jelly (D:5)
  3 orc priests
  2 gnoll shamans
  3 hounds (D:6)
  Ijyb (D:5)
  3 iguanas
  7 orc wizards
  A killer bee zombie (D:9)
  2 mummies (D:9)
  2 howler monkey zombies
  7 adders
  17 gnolls
  A howler monkey skeleton (D:6)
  2 white imps
  3 adder skeletons
  A worm (D:3)
  2 dart slugs
  18 orcs
  5 bats (D:1)
  7 endoplasms
  4 giant cockroaches
  10 goblins
  8 hobgoblins
  10 jackals
  25 kobolds
  5 quokkas
  5 ball pythons
  8 rats
253 creatures vanquished.

Vanquished Creatures (others)
  An orc wizard (D:9)
  5 fungi (D:4)
  7 withered plants
13 creatures vanquished.

Grand Total: 266 creatures vanquished

Notes
Turn   | Place    | Note
-------+----------+-------------------------------------------
     0 | D:1      | Coron the Deep Dwarf Fighter began the quest for the Orb.
     0 | D:1      | Reached XP level 1. HP: 20/20 MP: 1/1
   109 | D:1      | Reached XP level 2. HP: 27/27 MP: 2/2
   287 | D:1      | Reached skill level 3 in Fighting
   420 | D:1      | Reached XP level 3. HP: 34/34 MP: 3/3
   732 | D:2      | Found a faded altar of an unknown god.
  1498 | D:2      | Reached XP level 4. HP: 37/42 MP: 4/4
  1610 | D:3      | Found an ancient bone altar of Kikubaaqudgha.
  2235 | D:4      | Noticed a scorpion
  2252 | D:4      | Killed a scorpion
  2253 | D:4      | Reached XP level 5. HP: 32/49 MP: 5/5
  2320 | D:4      | Noticed an ogre
  2408 | D:4      | Found a sacrificial altar of Ru.
  2422 | D:4      | Reached skill level 5 in Armour
  2537 | D:4      | Noticed a phantom
  2627 | D:4      | Noticed a necrophage
  2638 | D:4      | Killed a necrophage
  2639 | D:4      | Reached XP level 6. HP: 28/56 MP: 6/6
  2727 | D:4      | Reached skill level 5 in Axes
  2862 | D:4      | Found a runed translucent gate.
  2862 | D:4      | Found a runed translucent gate.
  2862 | D:4      | Found a runed translucent gate.
  2863 | D:4      | Noticed Tiocfaidh's ghost (amateur TrBr)
  2863 | D:4      | Noticed cbfl8's ghost (amateur MiFi)
  2945 | D:4      | Reached skill level 4 in Fighting
  2945 | D:4      | Reached XP level 7. HP: 7/64 MP: 7/7
  3257 | D:5      | Entered Level 5 of the Dungeon
  3268 | D:5      | Found a staircase to the Ecumenical Temple.
  3294 | Temple   | Entered the Ecumenical Temple
  3436 | D:5      | Noticed Ijyb
  3478 | D:5      | Killed Ijyb
  3559 | D:5      | Reached skill level 5 in Fighting
  3620 | D:5      | Found a glowing drain.
  3654 | Sewer    | Entered a sewer
  3690 | Sewer    | Noticed Pargi
  3701 | Sewer    | Killed Pargi
  3840 | D:5      | Reached skill level 6 in Fighting
  3880 | D:5      | Reached skill level 5 in Shields
  4011 | D:5      | Reached XP level 8. HP: 36/76 MP: 8/8
  4300 | D:6      | Found the +5 robe of Misfortune {Harm *Corrode *Slow EV+5}
  4356 | D:6      | Found an ornate altar of the Wu Jian Council.
  4367 | D:6      | Noticed Sigmund
  4483 | D:6      | Reached skill level 7 in Fighting
  4664 | D:6      | Found a broken altar of Ashenzari.
  5055 | D:6      | Killed Sigmund
  5127 | D:6      | Gained mutation: You passively map the area around you.
                  | [Deep Dwarf growth]
  5127 | D:6      | Reached XP level 9. HP: 30/88 MP: 8/8
  5165 | D:6      | Reached skill level 8 in Fighting
  5528 | D:7      | Noticed an ice statue
  5618 | D:7      | Found Uramnen's Antique Weapon Boutique.
  5667 | D:7      | Found a shimmering altar of Xom.
  5682 | D:7      | Found a burning altar of Makhleb.
  5686 | D:7      | Became a worshipper of Makhleb the Destroyer
  5768 | D:7      | Found a hide-covered altar of Uskayaw.
  5783 | D:7      | Found a bloodstained altar of Trog.
  6176 | D:8      | Found an opulent altar of Gozag.
  6258 | D:8      | Reached skill level 9 in Fighting
  6273 | D:8      | Noticed Joseph
  6516 | D:8      | Killed Joseph
  6729 | D:8      | Found a shadowy altar of Dithmenos.
  6730 | D:8      | Reached * piety under Makhleb
  6746 | D:8      | Reached XP level 10. HP: 67/99 MP: 9/9
  6775 | D:8      | Found a radiant altar of Vehumet.
  7056 | D:9      | Noticed a two-headed ogre
  7120 | D:9      | Found a transporter.
  7122 | D:9      | Found a transporter.
  7135 | D:9      | Found a transporter.
  7135 | D:9      | Found a transporter.
  7166 | D:9      | Reached skill level 10 in Fighting
  7323 | D:9      | Found a transporter.
  7329 | D:9      | Found a transporter.
  7476 | D:9      | Found a basalt altar of Yredelemnul.
  7613 | D:9      | Reached ** piety under Makhleb
  7681 | D:9      | Reached skill level 10 in Armour
  8143 | D:9      | Killed a two-headed ogre
  8144 | D:9      | Reached skill level 11 in Fighting
  8332 | D:10     | Entered Level 10 of the Dungeon
  8431 | D:10     | Reached skill level 5 in Evocations
  8431 | D:10     | Reached XP level 11. HP: 76/111 MP: 10/10
  8532 | D:10     | Found a staircase to the Lair.
  8534 | D:10     | Found a glowing golden altar of the Shining One.
  8536 | D:10     | Noticed a frost giant
  8536 | D:10     | Noticed a centaur warrior
  8538 | D:10     | Noticed a red ugly thing
  8609 | D:10     | Found a transporter.
  8620 | D:10     | Found a transporter.
  8682 | D:10     | Noticed Grum
  8711 | D:10     | Killed Grum
  8720 | D:10     | HP: 5/111 [wolf[Grum] (1)]
  8720 | D:10     | Slain by a wolf

Illustrated notes

Levels and vault maps discovered:
D:1:      erik_arrival_cave_to_civilisation [erik_arrival_cave_to_hall],
          layout_rooms, corner_web_ring
D:2:      layout_loops_corners, nicolae_ecumenical_oubliette
D:3:      layout_loops_cross, kiku_gazebo_garden_becter
D:4:      layout_gridville, mainiacjoe_overflow_cross_hatched,
          gammafunk_ghost_cemetery
D:5:      layout_loops_cross, temple_pool_b, cheibrodos_sewer_entry_drain,
          uniq_ijyb
D:6:      minmay_recursive_quarters, layout_cave_pools,
          mainiacjoe_overflow_boulevard, amcnicky_altar_gilded, uniq_sigmund
D:7:      lemuel_ice_statue, layout_loops_ring,
          nicolae_overflow_quartered_altars, serial_glass, glass_columns_a,
          glass_columns_c, glass_columns_a, glass_columns_c, glass_columns_a,
          glass_columns_a, glass_columns_a, glass_columns_a, serial_shops, shop
D:8:      layout_loops_ring, nicolae_gozag_seed_capital, vehumet_altar_wand_db,
          grunt_dithmenos_smoke_and_mirrors, uniq_joseph
D:9:      layout_loops_ring, lemuel_mausoleum_altar_yredelemnul, special_room
          [special_room_bee], st_stairs_7, serial_nicolae_subway,
          nicolae_sub_station_metal, nicolae_sub_station_crystal,
          nicolae_sub_station_stone
D:10:     layout_irregular_city, gammafunk_temple_overflow_arena,
          lair_entry_dummy, uniq_grum
Temple:   nicolae_temple_figure_zero

Skill      XL: |  1  2  3  4  5  6  7  8  9 10 11 |
---------------+----------------------------------+-----
Fighting       | 3 4 6 7 9 11 | 11.0
Axes           | 3 4 5 6 |  6.0
Armour         | 4 6 8 10 | 10.0
Shields        | 4 5 8 |  8.6
Evocations     | 3 5 6 |  6.0

Action                   |  1- 3 |  4- 6 |  7- 9 | 10-12 || total
-------------------------+-------+-------+-------+-------++-------
Melee: War axe           |    95 |    95 |   217 |   135 ||   542
       Falchion          |       |     9 |   375 |   387 ||   771
       Hand axe          |       |       |       |    27 ||    27
 Fire: Hunting sling     |    27 |    28 |     6 |     2 ||    63
 Abil: Heal Wounds       |       |       |    12 |     4 ||    16
Evoke: Wand              |       |       |     4 |     4 ||     8
  Use: Scroll            |     2 |     3 |     4 |     5 ||    14
       Potion            |       |       |     2 |     2 ||     4
Armor: Scale mail        |    51 |    45 |       |       ||    96
       Chain mail        |       |    10 |   389 |   377 ||   776
Dodge: Dodged            |    54 |    44 |   235 |   233 ||   566
Block: Buckler           |    20 |    21 |   141 |       ||   182
       Kite shield       |       |       |    69 |   406 ||   475
